 Dungeon Crawl Stone Soup version 0.28-a0-586-gbdb9d174a4 (webtiles) character file.

Game seed: 13406497806189850612

1782 KristoblXynda the Carver (level 8, 0/71 HPs)
             Began as a Red Draconian Gladiator on Oct 3, 2021.
             Was an Initiate of Vehumet.
             Succumbed to a water moccasin's poison
             ... on level 6 of the Dungeon.
             The game lasted 00:08:09 (5435 turns).

KristoblXynda the Carver (Red Draconian Gladiator)  Turns: 5435, Time: 00:08:09

Health: 0/71       AC:  6    Str: 17    XL:     8   Next: 81%
Magic:  8/8        EV: 18    Int:  5    God:    Vehumet [......]
Gold:   245        SH:  4    Dex: 14    Spells: 7/7 levels left

rFire   + . .      SeeInvis .   l - +9 dagger of Bodily Harmony {vorpal, rElec rN+ Int-4}
rCold   . . .      Faith    .   (no shield)
rNeg    + . .      Spirit   .   (armour unavailable)
rPois   .          Reflect  .   b - +0 hat
rElec   +          Harm     .   (no cloak)
rCorr   .          Rampage  .   (no gloves)
Will    .....                   (no boots)
Stlth   +.........              (no amulet)
HPRegen 0.21/turn               i - +4 ring of evasion
MPRegen 0.11/turn               (no ring)

@: lethally poisoned (0 -> -8), short of breath, weak-willed
A: breathe fire, AC +6, unfitting armour, fire resistance 1, cold-blooded, large
bone plates 1
a: Breathe Fire, Renounce Religion


You were on level 6 of the Dungeon.
You worshipped Vehumet.
Vehumet was noncommittal.
You visited 2 branches of the dungeon, and saw 7 of its levels.

You collected 281 gold pieces.
You spent 36 gold pieces at shops.

Inventory:

Hand Weapons
 a - a +1 long sword
 l - the +9 dagger of Bodily Harmony (weapon) {vorpal, rElec rN+ Int-4}
   (You found it on level 4 of the Dungeon)

   It inflicts extra damage upon your enemies.
   Int:       It affects your intelligence (-4).
   rElec:     It insulates you from electricity.
   rN:        It protects you from negative energy.
Missiles
 c - 3 throwing nets (quivered)
Armour
 b - a +0 hat (worn)
Jewellery
 i - a +4 ring of evasion (left hand)
Scrolls
 g - a scroll of identify
 k - a scroll of magic mapping
Potions
 d - a potion of heal wounds
 e - a potion of lignification {unknown}


   Skills:
 + Level 6.7 Fighting
 + Level 8.4 Long Blades
 - Level 2.0 Throwing
 + Level 5.9 Dodging


You had 7 spell levels left.
You didn't know any spells.
Your spell library contained the following spells:

 Spells                   Type           Power      Damage    Failure   Level
 Sting                    Tmut/Pois      0%         1d3       47%         1
 Poisonous Vapours        Pois/Air       0%         N/A       63%         2
 Tukima's Dance           Hex            0%         N/A       85%         3
 Olgreb's Toxic Radiance  Pois           0%         N/A       99%         4
 Passage of Golubria      Tloc           N/A        N/A       99%         4
 Yara's Violent Unravell  Hex/Tmut       0%         3d3       100%        5


Dungeon Overview and Level Annotations

Branches:
Dungeon (6/15)             Temple (1/1) D:5

Altars:
Ashenzari
Cheibriados
Elyvilon
Fedhas
Gozag
Hepliaklqana
Kikubaaqudgha
Nemelex Xobeh
Okawaru
Qazlal
Ru
Uskayaw
Vehumet
Wu Jian
Xom
Zin
The Shining One

Shops:
D:3 :::!   D:5 (

Annotations:
D:3 1 runed translucent door, NoKap's ghost, amateur HOFi
D:6 Maggie


Innate Abilities, Weirdness & Mutations

You can breathe blasts of fire.
Your fiery red scales are hard. (AC +6)
You cannot fit into any form of body armour.
Your flesh is heat resistant. (rF+)
You are cold-blooded and may be slowed by cold attacks.
You are partially covered in large bone plates. (SH +4)


Message History

Maggie is lightly wounded.
The water moccasin bites you!
* * * LOW HITPOINT WARNING * * *
Something completely misses you.
Maggie is engulfed in blazing flames.
The water moccasin bites you but does no damage.
Unknown command.
Unknown command.
You hit the water moccasin.
The water moccasin is heavily wounded.
Maggie is engulfed in blazing flames.
Something closely misses you. The water moccasin bites you!
* * * LOW HITPOINT WARNING * * *
You are lethally poisoned!
The water moccasin poisons you!
You miss the water moccasin.
The water moccasin is heavily wounded.
* * * LOW HITPOINT WARNING * * *
You feel very sick. The water moccasin barely misses you.
Unknown command.
You puncture the water moccasin!
Your tail-slap misses the water moccasin.
The water moccasin is almost dead.
* * * LOW HITPOINT WARNING * * *
You feel sick.
The sky beast flickers out of sight!
The orc wizard casts a spell.
The orc wizard flickers and vanishes!
Something hits you but does no damage.
Maggie is engulfed in blazing flames.
The water moccasin misses you.
You hit the water moccasin but do no damage.
Your tail-slap misses the water moccasin.
The water moccasin is almost dead.
* * * LOW HITPOINT WARNING * * *
You feel sick.
Maggie is engulfed in blazing flames.
Something completely misses you. You block the water moccasin's attack.
Unknown command.
Unknown command.
You hit the water moccasin.
Your tail-slap misses the water moccasin.
The water moccasin is almost dead.
You die...

# ##.....###...o...{.....#
..#.....>.###.#5..........
..........S#c.#{#..o#####
.#........S..##{##..#
........<.5####c##..#
[..#..O....# #@{#..#
#..........# ##S#.##
#.###......# #S#.##
.Y.)#.#....# #@#..####..
#.###......### #{#........
#...........h..#nY.#......
...#.......###....##..o...
..........## ##...# ...o..
#..... ..... ##..#>#.....
.....# #... ##.....


You could see Maggie (weak-willed), a water moccasin (weak-willed), an ice
beast, a necrophage (weak-willed), a centaur (weak-willed), an adder
(weak-willed) and a white imp.

Vanquished Creatures
  Prince Ribbit (D:5)
  Sigmund (D:2)
  Eustachio (D:5)
  Edmund (D:5)
  A water moccasin (D:6)
  A hornet zombie (D:4)
  3 ogres (D:5)
  A phantom (D:5)
  2 scorpions (D:4)
  A howler monkey (D:6)
  3 hounds
  3 orc priests
  2 centaur skeletons
  Natasha (thrice) (D:4)
  A scorpion zombie (D:5)
  Robin (D:2)
  3 adders
  An adder skeleton (D:4)
  3 worms
  2 dart slugs (D:2)
  7 orcs
  3 endoplasms (D:1)
  A giant cockroach (D:4)
  15 goblins
  11 hobgoblins
  5 jackals
  5 quokkas
  2 ball pythons (D:2)
  8 bats
  4 frilled lizards
  5 kobolds
  6 rats
107 creatures vanquished.

Vanquished Creatures (others)
  A bush (D:5)
  A plant (D:5)
2 creatures vanquished.

Grand Total: 109 creatures vanquished

Notes
Turn   | Place    | Note
-------+----------+-------------------------------------------
     0 | D:1      | KristoblXynda the Draconian Gladiator began the quest for
                  | the Orb.
     0 | D:1      | Reached XP level 1. HP: 17/17 MP: 1/1
    14 | D:1      | Found a faded altar of an unknown god.
   300 | D:1      | Reached XP level 2. HP: 25/25 MP: 2/2
   938 | D:2      | Reached XP level 3. HP: 30/30 MP: 3/3
  1226 | D:2      | Noticed Sigmund
  1294 | D:2      | Killed Sigmund
  1295 | D:2      | Reached skill level 4 in Long Blades
  1295 | D:2      | Reached XP level 4. HP: 19/40 MP: 4/4
  1295 | D:2      | Reached XP level 5. HP: 22/46 MP: 5/5
  1297 | D:2      | Noticed Robin
  1309 | D:2      | Gained mutation: You are partially covered in large bone
                  | plates. (SH +4) [potion of mutation]
  1315 | D:2      | Killed Robin
  1330 | D:2      | HP: 1/46 [goblin[Robin] (4)]
  1774 | D:2      | Reached skill level 5 in Long Blades
  1991 | D:3      | Found Uriluw's Book Boutique.
  2035 | D:3      | Found Fezabym's Book Boutique.
  2221 | D:3      | Found a runed translucent door.
  2222 | D:3      | Noticed NoKap's ghost (amateur HOFi)
  2342 | D:3      | Found Ymos's Distillery.
  2344 | D:3      | Found Sintivann's Book Shop.
  2352 | D:3      | Bought a potion of curing for 36 gold pieces
  2383 | D:3      | Reached XP level 6. HP: 52/52 MP: 6/6
  2630 | D:4      | Noticed Natasha
  2638 | D:4      | Killed Natasha
  2718 | D:4      | Noticed Natasha
  2731 | D:4      | Killed Natasha
  2867 | D:4      | Noticed Natasha
  2893 | D:4      | HP: 2/46 [orc (2)]
  3203 | D:4      | Killed Natasha
  3244 | D:4      | Identified the +9 dagger of Bodily Harmony {vorpal, rElec
                  | rN+ Int-4}
  3256 | D:4      | Reached skill level 6 in Long Blades
  3256 | D:4      | Your scales start taking on a fiery red colour.
  3256 | D:4      | Reached XP level 7. HP: 50/56 MP: 7/7
  3256 | D:4      | Gained mutation: Your flesh is heat resistant. (rF+) [Red
                  | Draconian growth]
  3751 | D:5      | Entered Level 5 of the Dungeon
  3807 | D:5      | Noticed Edmund
  3817 | D:5      | Killed Edmund
  3818 | D:5      | Reached skill level 5 in Fighting
  3957 | D:5      | Found a broken altar of Ashenzari.
  3958 | D:5      | Noticed Prince Ribbit
  3980 | D:5      | Reached skill level 7 in Long Blades
  4323 | D:5      | Noticed Eustachio
  4331 | D:5      | Killed Eustachio
  4332 | D:5      | Reached skill level 5 in Dodging
  4332 | D:5      | Reached XP level 8. HP: 69/69 MP: 8/8
  4389 | D:5      | Killed Prince Ribbit
  4673 | D:5      | Found Zuuxt's Weapon Shop.
  4709 | D:5      | Found a staircase to the Ecumenical Temple.
  4731 | Temple   | Entered the Ecumenical Temple
  4828 | Temple   | Became a worshipper of Vehumet
  5052 | D:5      | Found a stormy altar of Qazlal.
  5052 | D:5      | Found a shimmering altar of Xom.
  5052 | D:5      | Found a white marble altar of Elyvilon.
  5077 | D:5      | Reached skill level 8 in Long Blades
  5405 | D:6      | Noticed Maggie
  5433 | D:6      | HP: 3/71 [poisoned by a water moccasin]
  5434 | D:6      | HP: 1/71 [poisoned by a water moccasin]
  5435 | D:6      | Succumbed to a water moccasin's poison

Illustrated notes

Levels and vault maps discovered:
D:1:      saegor_arrival_simple_c, layout_loops_ring,
          shapermc_ecumenical_altar_pompeii
D:2:      layout_basic, uniq_sigmund, uniq_robin
D:3:      layout_basic, serial_shops, shop, nicolae_shop_stone, shop, shop,
          ebering_ghost_reflecting_pool, kennysheep_generic_room_7
D:4:      layout_gridville, uniq_natasha
D:5:      layout_loops_corners, gammafunk_temple_overflow_forgotten,
          nicolae_ashenzari_skybound, minmay_temple_entry_large_hall,
          serial_shops, nicolae_shop_stone, uniq_eustachio, uniq_edmund,
          uniq_prince_ribbit1
D:6:      layout_rooms, mainiacjoe_overflow_big_doors, minmay_fractal_squares_5,
          uniq_maggie
Temple:   dshaligram_water_room_temple

Skill      XL: |  1  2  3  4  5  6  7  8 |
---------------+-------------------------+-----
Throwing       | 2 |  2.0
Dodging        | 3 4 5 |  5.9
Fighting       | 3 4 5 6 |  6.7
Long Blades    | 4 5 6 7 8 |  8.4

Action                   |  1- 3 |  4- 6 |  7- 9 || total
-------------------------+-------+-------+-------++-------
Melee: Long sword        |    98 |   118 |       ||   216
       Tailslap          |    11 |    16 |    10 ||    37
       Dagger            |       |     6 |   112 ||   118
Throw: Throwing net      |     1 |     2 |       ||     3
 Abil: Breathe Fire      |       |       |     5 ||     5
  Use: Scroll            |     2 |       |     5 ||     7
       Potion            |       |     4 |     2 ||     6
 Stab: Sleeping          |     2 |     2 |       ||     4
Armor: Skin              |    27 |    26 |    22 ||    75
Dodge: Dodged            |    69 |    69 |    77 ||   215
Block: Other             |       |    27 |    19 ||    46

Table legend: (Time is in decaauts)
 A = Elapsed time spent in this place.
 B = Non-inter-level travel time spent in this place.
 C = Inter-level travel time spent in this place.
 D = Time resting spent in this place.
 E = Time spent auto-exploring this place.
 F = Levels seen in this place.
 G = Mean time per level.
                   A        B        C        D        E       F      G
               +--------+--------+--------+--------+--------+-----+--------+
         Total |   5445 |   5328 |    117 |   1366 |   2962 |   7 |  777.9 |
       Dungeon |   5249 |   5154 |     95 |   1366 |   2804 |   6 |  874.8 |
        Temple |    195 |    173 |     22 |      0 |    158 |   1 |  195.0 |
               +--------+--------+--------+--------+--------+-----+--------+

Top non-repeatable levels by time:
     D:5: 1405 daAuts
     D:1: 1142 daAuts
     D:4: 1067 daAuts
     D:3: 795 daAuts
     D:2: 776 daAuts
  Temple: 195 daAuts
     D:6: 62 daAuts
